Map: 匹昂台地

Players

Quail

  • Race: Protoss Protoss
  • League: Platinum

遥远之歌 - Winner!

  • Race: Terran Terran
  • League: Diamond

VOD

Have the link to the VOD?

Description

Time

  • Played on: Dec. 3, 2015, 9:27 a.m.
  • Length: 15:56
Show
View Real Time Build Order
Export as new Build Order

Quail Protoss 

Build Orders: 1 Gate Expand 

Get SALT Encoding   

  12  0:01  Probe (Chrono Boost)  
  13  0:11  Probe (Chrono Boost)  
  14  0:17  Pylon  
  14  0:22  Probe (Chrono Boost)  
  15  0:36  Probe (Chrono Boost)  
  15  0:37  Gateway  
  16  0:44  Assimilator  
  16  0:46  Probe (Chrono Boost)  
  18  0:57  Probe (Chrono Boost)  
  18  1:07  Probe (Chrono Boost)  
  19  1:20  Nexus  
  19  1:31  Cybernetics Core  
  19  1:40  Probe (Chrono Boost)  
  20  1:57  Pylon  
  20  1:58  Probe (Chrono Boost), Assimilator  
  21  2:08  Adept  
  24  2:15  Probe (Chrono Boost)  
  24  2:18  Warp Gate  
  24  2:26  Probe (Chrono Boost)  
  24  2:29  Twilight Council  
  25  2:35  Adept  
  25  2:36  Probe (Chrono Boost)  
  28  2:38  Probe (Chrono Boost)  
  29  2:47  Probe (Chrono Boost)  
  29  2:49  Probe (Chrono Boost)  
  31  2:58  Mothership Core (Chrono Boost)  
  33  3:00  Probe (Chrono Boost)  
  33  3:01  Pylon  
  34  3:10  Probe (Chrono Boost)  
  35  3:16  Probe (Chrono Boost)  
  35  3:19  Pylon  
  36  3:21  Probe (Chrono Boost)  
  36  3:23  Resonating Glaives (Chrono Boost)  
  36  3:27  Probe (Chrono Boost)  
  38  3:31  Probe (Chrono Boost)  
  39  3:37  Probe (Chrono Boost)  
  39  3:38  Robotics Facility  
  39  3:40  Adept  
  42  3:44  Probe (Chrono Boost)  
  42  3:47  Probe (Chrono Boost)  
  44  3:54  Probe  
  44  3:55  Gateway  
  45  3:59  Gateway  
  45  4:07  Adept  
  45  4:09  Pylon  
  47  4:30  Nexus, Observer (Chrono Boost)  
  48  4:32  Pylon  
  48  4:37  Gateway  
  48  4:39  Gateway  
  48  4:45  Pylon  
  48  4:49  Observer (Chrono Boost)  
  48  4:50  Forge  
  49  4:55  Probe  
  49  4:56  Probe  
  49  4:58  Assimilator  
  51  5:05  Probe  
  51  5:08  Probe  
  51  5:10  Warp Prism (Chrono Boost)  
  55  5:16  Probe  
  55  5:19  Blink  
  55  5:20  Probe, Pylon  
  57  5:28  Protoss Ground Weapons Level 1  
  57  5:30  Photon Cannon  
  57  5:34  Probe, Photon Cannon  
  55  5:36  Probe  
  57  5:43  Assimilator  
  57  5:48  Stalker, Probe  
  57  5:49  Stalker, Probe x2  
  64  6:00  Probe x3  
  64  6:03  Adept x2  
  71  6:11  Immortal (Chrono Boost)  
  71  6:13  Stalker x2  
  71  6:14  Probe  
  71  6:15  Probe x2  
  78  6:24  Probe  
  78  6:28  Photon Cannon  
  78  6:32  Adept x3  
  85  6:38  Gateway  
  85  6:39  Gateway  
  85  6:40  Adept  
  87  6:51  Probe  
  87  6:52  Probe  
  86  7:09  Stalker x2  
  86  7:13  Stalker x3, Immortal (Chrono Boost)  
  86  7:14  Probe  
  98  7:16  Probe  
  98  7:17  Assimilator  
  98  7:22  Assimilator  
  96  7:31  Probe  
  96  7:32  Probe  
  96  7:36  Pylon  
  98  7:38  Gateway  
  98  7:39  Gateway  
  98  7:40  Photon Cannon  
  98  7:41  Photon Cannon  
  98  7:42  Pylon  
  98  7:45  Stalker x3  
  98  7:46  Stalker  
  106  7:55  Immortal (Chrono Boost)  
  106  7:58  Adept x2  
  108  8:06  Stalker  
  108  8:11  Protoss Ground Weapons Level 2  
  108  8:12  Probe x2  
  110  8:13  Probe  
  110  8:19  Photon Cannon  
  113  8:21  Stalker  
  113  8:22  Stalker x3, Probe x2  
  113  8:25  Probe  
  124  8:36  Templar Archives  
  124  8:38  Probe  
  124  8:40  Pylon  
  125  8:43  Pylon  
  125  8:50  Pylon  
  125  8:57  Probe  
  125  8:58  Warp Prism (Chrono Boost)  
  128  9:07  Probe  
  128  9:09  Probe  
  124  9:19  Nexus  
  124  9:20  Robotics Facility  
  124  9:22  Pylon  
  124  9:25  Stalker x5, Pylon  
  124  9:26  Stalker x2, Psionic Storm  
  138  9:40  High Templar x2  
  142  9:52  Probe  
  142  9:54  Probe x2  
  142  9:58  Immortal  
  145  10:02  Pylon  
  149  10:08  Adept x2  
  149  10:09  Adept x2  
  149  10:11  Stargate  
  149  10:14  Stargate  
  157  10:16  Probe, Stargate  
  157  10:17  Probe  
  141  10:21  Probe  
  141  10:26  Immortal, Probe  
  147  10:29  Probe  
  147  10:32  Immortal  
  147  10:33  Probe  
  149  10:37  Probe  
  149  10:38  High Templar x4  
  149  10:41  Probe  
  163  10:44  Probe  
  163  10:45  Probe  
  163  10:47  Probe  
  166  10:53  Probe, Pylon  
  166  10:55  Probe  
  168  10:58  Probe x2  
  168  11:02  Pylon  
  170  11:05  Probe, Photon Cannon  
  170  11:06  Probe  
  170  11:07  Immortal  
  170  11:08  Photon Cannon  
  170  11:10  Immortal  
  176  11:14  Adept x5  
  176  11:16  Probe  
  191  11:23  High Templar  
  193  11:26  Probe  
  193  11:27  Oracle  
  193  11:30  Photon Cannon  
  197  11:33  Photon Cannon  
  197  11:40  Pylon  
  197  11:47  Assimilator  
  197  11:50  Assimilator  
  188  11:59  Probe  
  189  12:03  Immortal  
  189  12:07  Pylon  
  189  12:08  Immortal  
  197  12:13  Adept  
  171  12:42  Stalker  
  171  12:43  Stalker x5  
  161  12:44  Stalker  
  161  12:45  Stalker x2  
  117  12:59  Warp Prism  
  117  13:03  Warp Prism  
  113  13:20  Nexus  
  113  13:22  Pylon  
  113  13:24  Pylon  
  113  13:25  Fleet Beacon  
  113  13:26  Void Ray  
  117  13:27  Void Ray x2  
  117  13:32  Pylon  
  125  13:48  Adept x4  
  127  13:55  Immortal  
  137  14:09  Carrier (Chrono Boost)  
  143  14:21  Tempest x2 (Chrono Boost)  
  151  14:33  Probe x2  
  151  14:34  Probe  
  154  14:44  Pylon  
  154  15:03  Tempest (Chrono Boost)  
  149  15:07  Stalker x3  
  149  15:08  Stalker  
Show
View Real Time Build Order
Export as new Build Order

遥远之歌 Terran - Winner!

Build Orders: Mech 

Get SALT Encoding   

  12  0:01  SCV  
  13  0:13  SCV  
  14  0:17  Supply Depot  
  14  0:25  SCV  
  15  0:39  SCV  
  16  0:43  Barracks  
  16  0:52  SCV  
  17  1:04  SCV  
  18  1:18  Command Center  
  18  1:21  SCV  
  19  1:31  Marine  
  20  1:34  Orbital Command  
  20  1:42  Refinery  
  20  1:45  Refinery  
  20  1:50  Marine  
  21  2:02  Supply Depot  
  21  2:13  SCV  
  22  2:21  Marine  
  23  2:26  SCV  
  24  2:32  Orbital Command  
  24  2:36  Refinery  
  24  2:40  SCV  
  24  2:43  Bunker  
  25  2:45  Barracks Tech Lab, Factory  
  25  2:54  SCV  
  25  2:56  Supply Depot  
  26  2:59  SCV  
  27  3:07  SCV  
  27  3:12  Factory  
  28  3:14  SCV  
  28  3:19  SCV  
  30  3:27  Barracks Reactor  
  30  3:29  SCV  
  30  3:32  SCV  
  32  3:36  Siege Tank  
  35  3:43  SCV  
  35  3:46  SCV  
  37  3:49  Supply Depot  
  37  3:52  Armory  
  37  3:56  SCV  
  37  3:59  SCV  
  39  4:09  Siege Tank  
  42  4:10  SCV  
  42  4:16  SCV  
  44  4:18  Widow Mine x2  
  44  4:24  Barracks Tech Lab, Factory  
  48  4:26  SCV  
  48  4:29  SCV  
  50  4:32  Supply Depot  
  50  4:41  Siege Tank  
  53  4:47  Widow Mine x2  
  53  4:48  SCV x2  
  59  5:00  SCV x2  
  59  5:03  Terran Vehicle Weapons Level 1  
  61  5:10  Command Center  
  61  5:14  Siege Tank  
  64  5:32  Siege Tank, Widow Mine  
  64  5:33  SCV  
  70  5:47  Engineering Bay  
  70  5:49  Refinery  
  70  5:51  Supply Depot  
  70  6:01  Drilling Claws  
  70  6:11  Starport  
  70  6:12  SCV x2, Widow Mine  
  70  6:16  Barracks Reactor  
  74  6:24  SCV x2, Siege Tank  
  79  6:27  Orbital Command  
  79  6:34  Command Center  
  79  6:36  SCV x2  
  81  6:42  Missile Turret  
  81  6:44  Missile Turret  
  81  6:45  Missile Turret  
  81  6:54  Refinery  
  81  6:55  Siege Tank, Widow Mine x2  
  81  6:59  Refinery  
  81  7:00  Orbital Command  
  84  7:15  Factory  
  84  7:25  SCV x2  
  84  7:29  Siege Tank x2  
  92  7:31  SCV  
  92  7:35  Supply Depot x2  
  92  7:36  Supply Depot  
  93  7:38  Missile Turret  
  93  7:45  Widow Mine x2  
  93  7:47  Medivac  
  93  7:48  Viking  
  93  7:50  SCV x3  
  104  7:52  Orbital Command  
  104  8:04  SCV x3  
  107  8:10  Missile Turret  
  107  8:15  Missile Turret  
  110  8:27  Siege Tank x2  
  110  8:28  Missile Turret x2  
  110  8:31  Command Center  
  113  8:36  Factory Tech Lab, Missile Turret  
  113  8:37  Factory  
  113  8:40  Terran Vehicle Weapons Level 2  
  113  8:52  Missile Turret  
  113  8:55  Supply Depot  
  113  9:01  Supply Depot  
  109  9:17  Liberator x2  
  109  9:22  Supply Depot  
  109  9:24  Siege Tank  
  109  9:26  Factory Reactor  
  109  9:27  Infernal Pre-Igniter  
  109  9:28  Siege Tank x2  
  109  9:29  Hellion x2  
  128  9:48  Supply Depot  
  127  9:56  Siege Tank, Orbital Command  
  127  9:58  Refinery  
  130  10:00  Siege Tank  
  130  10:03  SCV x4  
  130  10:04  Siege Tank  
  130  10:06  Hellion x4  
  148  10:11  Refinery  
  148  10:15  SCV x4  
  148  10:17  Liberator x2  
  142  10:28  Siege Tank  
  142  10:30  Widow Mine x4  
  159  10:50  Starport  
  159  10:52  SCV x2, Fusion Core  
  159  10:53  SCV x2, Starport  
  163  11:06  Liberator  
  163  11:16  Hellion x3  
  163  11:17  Hellion, Siege Tank x2  
  177  11:23  Siege Tank  
  183  11:43  Starport Tech Lab  
  183  11:44  Starport Reactor  
  183  11:53  Liberator  
  183  11:54  Liberator x2  
  175  12:08  Advanced Ballistics  
  184  12:31  Liberator x2  
  184  12:36  Command Center  
  135  12:46  Liberator x2, Siege Tank x3, Widow Mine x2  
  135  12:47  Widow Mine x2  
  149  13:14  SCV x4  
  153  13:20  Liberator x2  
  153  13:24  Refinery  
  153  13:26  SCV x3  
  156  13:28  SCV  
  156  13:31  Missile Turret  
  156  13:33  Widow Mine x4  
  165  13:34  Siege Tank  
  165  13:35  Siege Tank x2, Missile Turret x2  
  165  13:36  Missile Turret, Medivac  
  165  13:37  Missile Turret  
  165  13:40  Missile Turret  
  182  13:44  Terran Ship Weapons Level 1  
  182  13:49  Armory  
  182  14:10  Command Center  
  182  14:13  Refinery  
  182  14:14  Refinery  
  186  14:17  Hellbat x4  
  190  14:30  Liberator x2  
  190  14:36  Missile Turret  
  190  14:37  Missile Turret  
  190  14:51  Viking x2  
  181  15:21  Widow Mine x3  
  181  15:22  Widow Mine  
  181  15:23  Siege Tank x3  
Tags
 
Add a new tag
Caveats
  • Supply blocks, unpowered buildings, or Contaminate may cause inaccurate times.
  • Supply counts are checked every 10 seconds.